 Dungeon Crawl Stone Soup version 0.31-a0-354-g827e0957a7 (webtiles) character file.

Game seed: 671678277915789226

97 croobank the Chopper (level 4, 0/41 HPs)
             Began as a Hill Orc Monk on July 23, 2023.
             Slain by an orc priest
             ... wielding a +0 dagger
              (3 damage)
             ... on level 3 of the Dungeon.
             The game lasted 00:09:17 (2542 turns).

croobank the Chopper (Hill Orc Monk)                Turns: 2542, Time: 00:09:18

Health: 0/41       AC:  3    Str: 15    XL:     4   Next: 68%
Magic:  4/4        EV: 13    Int: 10    God:
Gold:   106        SH:  0    Dex: 13    Spells: 3/3 levels left

rFire   + + +        u - +0 war axe
rCold   + + .        (no shield)
rNeg    . . .        b - +0 robe
rPois   +            (no helmet)
rElec   +            j - scarf {rC+ rF+}
rCorr   +            r - +0 pair of gloves
SInv    .            (no boots)
Will    .....        q - amulet of magic regeneration
Stlth   +            t - ring of protection from fire
HPRegen 0.26/turn    (no ring)
MPRegen 0.49/turn

%: no passive effects
@: confused, resistant, attractive
A: no striking features
a: Convert to Beogh


You were on level 3 of the Dungeon.
You visited 1 branch of the dungeon, and saw 3 of its levels.

You collected 106 gold pieces.

Inventory:

Hand Weapons
 a - a +0 hand axe
 k - a +0 heavy hand axe
 l - a +0 dagger
 s - a +0 scimitar
 u - a +0 war axe (weapon)
Missiles
 h - a poisoned dart (quivered)
Armour
 b - a +0 robe (worn)
 d - an orb of light
 i - a +0 buckler
 j - a scarf of resistance (worn)
 r - a +0 pair of gloves (worn)
Jewellery
 q - an amulet of magic regeneration (around neck)
 t - a ring of protection from fire (left hand)
Talismans
 p - a beast talisman
Scrolls
 f - a scroll of enchant armour {unknown}
 m - 2 scrolls of teleportation
 n - a scroll of identify {unknown}
 w - a scroll of blinking {unknown}
Potions
 g - a potion of resistance
 o - 2 potions of attraction


   Skills:
 + Level 4.8 Fighting
 + Level 5.1 Axes
 + Level 3.1 Dodging


You had 3 spell levels left.
You didn't know any spells.
Your spell library contained the following spells:

 Spells                   Type           Power      Damage    Failure   Level
 Volatile Blastmotes      Fire/Tloc      0%         2d10      75%         3
 Fulminant Prism          Conj/Hex       0%         3d5       98%         4
 Iskenderun's Mystic Bla  Conj/Tloc      0%         2d3       98%         4


Dungeon Overview and Level Annotations

Branches:
Dungeon (3/15)

Altars:


Message History

* * * LOW HITPOINT WARNING * * *
The orc hits you with a +0 war axe.
* * * LOW HITPOINT WARNING * * *
You slash the orc!
You kill the orc!
You closely miss something.
You hear some strange, mumbled words.
You are more confused.
Okay, then.
Something hits you.
* * * LOW HITPOINT WARNING * * *
You miss something.
You hear some strange, mumbled words.
Something tries to affect you, but you resist.
You closely miss something.
You hear some strange, mumbled words.
You are more confused.
You completely miss something. Something barely misses you. x2
You bump into the rock wall.
You hear some strange, mumbled words.
You are more confused.
You completely miss something. Something hits you.
* * * LOW HITPOINT WARNING * * *
You completely miss something. Something barely misses you.
An orc priest comes into view. It is wielding a +0 dagger.
The orc priest is attracted toward you.
You are too confused!
Unknown command.
You bump into the rock wall.
You hear some strange, mumbled words.
A puff of flame appears from out of thin air!
The puff of flame misses you.
The orc priest shouts, "Surrender to Beogh and we'll let you live!" (press Y on the ability menu to convert to Beogh)
Okay, then.
You bump into the rock wall.
An orc wizard appears from thin air!
Reactivating autopickup.
The orc wizard closely misses you.
The orc priest hits you with a +0 dagger.
You die...

######### ########
#.)o....# .......#
#.)o@...#
.......######§#####.##
................o§..(#
.......######.#####..#
.......# #.# #
.).....# #.. .......#
#### ###.#### #.###


You could see an orc priest and an orc wizard.

Vanquished Creatures
  2 adders (D:2)
  2 worms (D:2)
  A dart slug (D:1)
  2 orcs (D:3)
  5 ball pythons
  4 bats
  7 endoplasms
  3 giant cockroaches (D:1)
  3 goblins
  4 hobgoblins
  16 jackals
  A quokka (D:1)
  3 frilled lizards (D:2)
  3 kobolds
  2 rats (D:2)
58 creatures vanquished.

Notes
Turn   | Place    | Note
-------+----------+-------------------------------------------
     0 | D:1      | croobank the Hill Orc Monk began the quest for the Orb.
     0 | D:1      | Reached XP level 1. HP: 19/19 MP: 1/1
   119 | D:1      | Reached XP level 2. HP: 10/27 MP: 2/2
   411 | D:1      | Found a faded altar of an unknown god.
   748 | D:1      | Reached XP level 3. HP: 31/33 MP: 3/3
  1504 | D:2      | Reached XP level 4. HP: 38/41 MP: 4/4
  1698 | D:2      | Reached skill level 5 in Axes
  1701 | D:2      | HP: 2/41 [poisoned by an adder]
  2534 | D:3      | HP: 2/41 [something (1)]
  2539 | D:3      | HP: 2/41 [something (2)]
  2542 | D:3      | Slain by an orc priest

Illustrated notes

Levels and vault maps discovered:
D:1:      mrwooster_arrival_arrow, layout_loops_corners,
          hellmonk_ecumenical_altar_leap_of_faith
D:2:      layout_loops_ring
D:3:      layout_loops_cross, lemuel_doored_altar, uniq_jessica, uniq_natasha

Skill      XL: |  1  2  3  4 |
---------------+-------------+-----
Fighting       | 4 |  4.8
Dodging        | 3 |  3.1
Axes           | 5 |  5.1

Action                     |  1- 3 |  4- 6 || total
---------------------------+-------+-------++-------
  Melee: Hand axe          |   148 |    68 ||   216
         Punch             |     1 |     1 ||     2
         War axe           |       |    35 ||    35
  Throw: Dart              |     1 |     1 ||     2
    Use: Potion            |       |     4 ||     4
         Scroll            |       |     2 ||     2
   Stab: Sleeping          |     2 |       ||     2
 Armour: Robe              |    21 |    13 ||    34
  Dodge: Dodged            |   103 |    78 ||   181
         Form:             |       |     1 ||     1
         Beast             |       |     1 ||     1

Table legend: (Time is in decaauts)
 A = Elapsed time spent in this place.
 B = Non-inter-level travel time spent in this place.
 C = Inter-level travel time spent in this place.
 D = Time resting spent in this place.
 E = Time spent auto-exploring this place.
 F = Levels seen in this place.
 G = Mean time per level.
                   A        B        C        D        E       F      G
               +--------+--------+--------+--------+--------+-----+--------+
         Total |   2564 |   2487 |     77 |    656 |   1207 |   3 |  854.7 |
       Dungeon |   2564 |   2487 |     77 |    656 |   1207 |   3 |  854.7 |
               +--------+--------+--------+--------+--------+-----+--------+

Top non-repeatable levels by time:
     D:1: 1336 daAuts
     D:2: 1120 daAuts
     D:3: 107 daAuts
